 Dungeon Crawl Stone Soup version 0.14-a0-1499-g388a102 (console) character file.

2903 megamayne420 the Bludgeoner (level 9, -3/84 HPs)
             Began as an Ogre Berserker on Dec 15, 2013.
             Was a Priest of Trog.
             Slain by a blink frog (17 damage)
             ... on Level 2 of the Lair of Beasts.
             The game lasted 00:29:41 (3808 turns).

megamayne420 the Bludgeoner (Ogre Berserker)        Turns: 3808, Time: 00:29:41

HP  -3/84        AC  3     Str 25      XL: 9   Next: 67%
MP   9/9         EV 10     Int  8      God: Trog [***...]
Gold 179         SH  0     Dex  9      Spells:  0 memorised,  8 levels left

rFire  . . .     SeeInvis .     s - +0 giant club (curse)
rCold  . . .     Clarity  .     b - +0 animal skin (curse)
rNeg   . . .     Conserve .     (shield restricted)
rPois  .         rCorr    .     (helmet restricted)
rElec  .         rRot     .     (no cloak)
SustAb . .       Spirit   .     (gloves unavailable)
rMut   +         Warding  .     (boots unavailable)
Saprov + . .     Stasis   .     f - amulet of resist mutation
                                (no ring)
                                (no ring)

@: somewhat resistant to hostile enchantments, unstealthy
A: unfitting armour, fast metabolism 1, saprovore 1, tough skin 1
a: Burn Spellbooks, Berserk, Trog's Hand, Renounce Religion


You were on level 2 of the Lair of Beasts.
You worshipped Trog.
Trog was most pleased with you.
You were not hungry.

You visited 2 branches of the dungeon, and saw 10 of its levels.
You also visited: Ossuary.

You collected 179 gold pieces.

Inventory:

Hand weapons
 a - a cursed +0,+0 mace
 d - a +0,-1 flail
 s - a cursed +0,+0 giant club (weapon)
 F - a +0,+0 morningstar
 K - a +3,+1 dwarven short sword of venom
Missiles
 e - 4 javelins
 g - 44 darts (quivered)
 D - 14 darts of flame
Armour
 b - a cursed +0 animal skin (worn)
 i - a +0 cloak
Magical devices
 h - a wand of random effects (9)
 j - a wand of flame (4)
Comestibles
 c - 2 meat rations
Scrolls
 p - 2 scrolls of curse weapon
 q - 3 scrolls of recharging {unknown}
 r - a scroll of identify
 t - 2 scrolls of remove curse
 v - 2 scrolls of curse armour
 y - a scroll of silence {unknown}
 B - a scroll of noise
 E - a scroll of amnesia {unknown}
 H - a scroll of enchant weapon I {unknown}
Jewellery
 f - an amulet of resist mutation (around neck)
 l - an uncursed ring of wizardry
 G - an uncursed ring of wizardry
Potions
 k - 3 potions of confusion
 n - a potion of restore abilities
 u - a potion of berserk rage
 w - 2 potions of flight
 x - 3 potions of paralysis
 z - 4 potions of degeneration
 A - a potion of beneficial mutation {unknown}
Books
 J - a Young Poisoner's Handbook

   Spells                             Type                      Level
   Sting                              Conjuration/Poison           1
   Cure Poison                        Poison                       2
   Mephitic Cloud                     Conjuration/Poison/Air       3
   Olgreb's Toxic Radiance            Poison                       4
   Venom Bolt                         Conjuration/Poison           5
   Trog disapproves of the use of such an item.
 N - a book of Dreams

   Spells                             Type                      Level
   Ensorcelled Hibernation            Hexes/Ice                    2
   Flight                             Charms/Air                   3
   Phase Shift                        Translocation                5
   Shadow Creatures                   Summoning                    5
   Mass Confusion                     Hexes                        6
   Darkness                           Hexes                        7
   Trog disapproves of the use of such an item.
 O - a book of Air

   Spells                             Type                      Level
   Shock                              Conjuration/Air              1
   Swiftness                          Charms/Air                   2
   Repel Missiles                     Charms/Air                   2
   Flight                             Charms/Air                   3
   Static Discharge                   Conjuration/Air              3
   Lightning Bolt                     Conjuration/Air              5
   Trog disapproves of the use of such an item.
Magical staves
 I - an uncursed staff of conjuration {unknown}


   Skills:
 - Level 4.2 Fighting
 + Level 15.7 Maces & Flails
 - Level 3.9 Dodging


You had 8 spell levels left.
You didn't know any spells.

Dungeon Overview and Level Annotations

Branches:
Dungeon (8/16)             Temple (0/1) D:5            Lair (2/8) D:8

Altars:
Ashenzari
Nemelex Xobeh

Shops:
D:5 +

Annotations:
D:4 Aargh's ghost, experienced GrAM; Sigmund
D:8 Pikel


Innate Abilities, Weirdness & Mutations

You are too large for most types of armour.
You have a fast metabolism.
You can tolerate rotten meat.
You have tough skin (AC +1).


Message History

Unknown command.
Unknown command.
Drink which item? (? for menu, Esc to quit)
Okay, then.
Unknown command.
Unknown command.
Unknown command.
A basilisk and a blink frog come into view.
The blink frog gives a loud, deep croak!
The basilisk hisses angrily.
The blink frog blinks!
The basilisk gazes at you. You resist.
You hear a grinding noise.
You hear a grinding noise.
The blink frog blinks!
The blink frog hits you!
* * * LOW HITPOINT WARNING * * *
You see here 4 javelins.
The blink frog hits you!
You die... ∙∙r∙∙∙∙∙∙∙∙∙∙ ∙∙∙∙∙∙∙∙∙∙∙∙∙∙∙∙ [∙∙∙∙∙∙∙∙∙)∙∙∙∙∙▒ ?∙∙∙∙∙∙∙∙∙∙∙∙∙∙∙f∙

▒∙∙∙∙P∙∙∙∙∙∙∙∙∙∙∙∙∙
▒∙∙∙∙▒∙<∙∙∙∙∙∙$∙∙∙f▒
▒∙∙r∙▒▒∙▒▒P∙∙∙∙∙f∙f
▒▒▒▒∙∙∙∙ ▒∙▒ ▒∙∙∙∙∙▒∙▒
∙P∙∙∙∙∙∙∙▒▒∙▒▒▒@∙∙∙∙∙∙▒
∙∙∙∙∙▒P∙#∙∙∙∙∙▒▒F∙∙▒∙∙∙∙


∙∙∙∙∙$∙∙∙∙∙Br∙t∙∙∙∙∙∙∙∙∙∙ ∙∙f∙∙∙▒∙∙∙▒▒∙∙∙▒▒∙▒∙∙▒∙∙f ∙∙∙∙∙∙∙∙∙f▒∙∙∙∙▒▒∙▒▒▒∙∙▒▒
∙∙∙∙∙∙∙∙∙▒▒▒∙∙▒▒▒∙▒ ∙▒ ∙P∙∙∙∙▒∙▒▒∙∙▒▒ ∙∙▒ ∙ ∙\∙∙∙▒∙∙▒▒▒∙▒ ▒∙▒ ∙∙∙∙∙∙∙∙∙ ∙∙∙ ∙∙∙
You could see a blink frog.

Vanquished Creatures
  Prince Ribbit (D:5)
  A basilisk (D:8)
  Menkaure (D:4)
  A necrophage (D:5)
  An orc warrior (D:6)
  A porcupine (D:8)
  A black bear (D:3)
  3 slaves (D:8)
  A phantom (D:4)
  An ogre (D:4)
  A crocodile (Lair:1)
  Blork the orc (D:5)
  3 giant frogs
  A wyvern skeleton (D:6)
  2 killer bees (D:8)
  2 jellies
  7 wights (D:6)
  A centaur zombie (Ossuary)
  A crimson imp (D:6)
  3 hounds
  A human zombie (Ossuary)
  2 orc priests
  4 orc wizards
  A scorpion (D:5)
  4 worker ants
  3 sheep (D:8)
  3 big kobold zombies (Ossuary)
  A hound skeleton (D:6)
  4 mummies (Ossuary)
  5 gnolls
  8 adders
  2 green rats (D:8)
  A giant mite (D:4)
  2 worms
  4 giant geckos
  An ooze (D:4)
  11 orcs
  7 bats
  5 giant cockroaches
  A gnoll zombie (Ossuary)
  5 goblins
  7 hobgoblins
  8 jackals
  6 kobolds
  5 quokkas
  A giant newt (D:7)
  A giant newt skeleton (D:4)
  A jackal zombie (D:4)
  2 kobold zombies
  An orc zombie (Ossuary)
  5 rats
146 creatures vanquished.

Notes
Turn   | Place    | Note
--------------------------------------------------------------
     0 | D:1      | megamayne420, the Ogre Berserker, began the quest for the Orb.
     0 | D:1      | Reached XP level 1. HP: 24/24 MP: 1/1
    47 | D:1      | Reached XP level 2. HP: 32/32 MP: 2/2
   211 | D:1      | Reached XP level 3. HP: 24/39 MP: 3/3
   420 | D:1      | Acquired Trog's second power
   593 | D:4      | Reached XP level 4. HP: 29/48 MP: 4/4
   700 | D:3      | Reached skill level 5 in Maces & Flails
   954 | D:4      | Reached skill level 6 in Maces & Flails
   961 | D:4      | Noticed a black bear
   962 | D:4      | Noticed an ogre
   983 | D:3      | Killed a black bear
   983 | D:3      | Reached skill level 7 in Maces & Flails
   983 | D:3      | Reached XP level 5. HP: 54/54 MP: 5/5
  1040 | D:4      | Killed an ogre
  1040 | D:4      | Reached skill level 8 in Maces & Flails
  1040 | D:4      | Reached XP level 6. HP: 62/62 MP: 6/6
  1097 | D:4      | Noticed a phantom
  1236 | D:4      | Killed a phantom
  1236 | D:4      | Reached skill level 9 in Maces & Flails
  1236 | D:4      | Reached XP level 7. HP: 45/70 MP: 7/7
  1394 | D:4      | Noticed Menkaure
  1403 | D:4      | Killed Menkaure
  1468 | D:4      | Found a sand-covered staircase.
  1471 | D:4      | Noticed Sigmund
  1482 | Ossuary  | Entered an ossuary
  1504 | Ossuary  | Reached skill level 10 in Maces & Flails
  1746 | D:4      | Noticed Aargh's ghost (experienced GrAM)
  1826 | D:5      | Entered Level 5 of the Dungeon
  1829 | D:5      | Found a staircase to the Ecumenical Temple.
  1886 | D:5      | Found Hifriyno's Book Emporium.
  1895 | D:5      | Noticed Blork the orc
  2055 | D:5      | Reached skill level 11 in Maces & Flails
  2055 | D:5      | Reached XP level 8. HP: 78/78 MP: 8/8
  2134 | D:5      | Killed Blork the orc
  2186 | D:5      | Noticed Prince Ribbit
  2197 | D:5      | Killed Prince Ribbit
  2197 | D:5      | Reached skill level 12 in Maces & Flails
  2221 | D:5      | Found a shattered altar of Ashenzari.
  2221 | D:5      | Found a sparkling altar of Nemelex Xobeh.
  2476 | D:6      | Reached skill level 13 in Maces & Flails
  2664 | D:6      | Reached XP level 9. HP: 58/84 MP: 9/9
  2694 | D:6      | Reached skill level 14 in Maces & Flails
  3307 | D:8      | Noticed Pikel
  3562 | D:8      | Found a staircase to the Lair.
  3577 | D:8      | Reached skill level 15 in Maces & Flails
  3684 | Lair:1   | Entered Level 1 of the Lair of Beasts
  3684 | Lair:1   | Noticed a komodo dragon
  3782 | Lair:1   | Noticed a komodo dragon
  3787 | Lair:1   | Noticed a spiny frog
  3808 | Lair:2   | Slain by a blink frog

Action                   |  1- 3 |  4- 6 |  7- 9 || total
-------------------------+-------+-------+-------++-------
Melee: Mace              |     2 |       |       ||     2
       Flail             |    94 |    87 |     9 ||   190
       Giant club        |       |       |   325 ||   325
Throw: Dart              |       |       |     2 ||     2
Invok: Berserk           |     3 |     5 |    11 ||    19
       Trog's Hand       |       |     3 |    16 ||    19
Evoke: Wand              |     1 |     1 |    10 ||    12
  Use: Scroll            |     5 |     3 |    15 ||    23
       Potion            |     1 |       |     5 ||     6
 Stab: Distracted        |       |       |     1 ||     1
